 Dungeon Crawl Stone Soup version 0.31-a0-654-gbe3e110b4e (webtiles) character file.

Game seed: 12356607603478054104

3401 holysushi the Slicer (level 10, -3/56 HPs)
             Began as a Kobold Monk on Aug 29, 2023.
             Was a Believer of Uskayaw.
             Slain by a black bear (5 damage)
             ... on level 8 of the Dungeon.
             The game lasted 00:09:40 (7500 turns).

holysushi the Slicer (Kobold Monk)                  Turns: 7500, Time: 00:09:41

Health: -3/56      AC:  6    Str:  9    XL:     10   Next: 24%
Magic:  13/13      EV: 22    Int: 12    God:    Uskayaw [**....]
Gold:   415        SH:  0    Dex: 21    Spells: 9/9 levels left

rFire   + . .        b - +1 rapier
rCold   + . .        (no shield)
rNeg    . . .        w - +2 robe {rC+ rF+}
rPois   +            o - +0 helmet
rElec   .            (no cloak)
rCorr   .            g - +0 pair of gloves
SInv    .            (no boots)
Will    .....        (no amulet)
Stlth   ++++         i - +4 ring of slaying
HPRegen 0.29/turn    B - ring of poison resistance
MPRegen 0.13/turn

%: no passive effects
@: brilliant, weak-willed
A: small, no large weapons, nightstalker 3
a: Renounce Religion, Stomp, Line Pass


You were on level 8 of the Dungeon.
You worshipped Uskayaw.
Uskayaw was noncommittal.
You visited 1 branch of the dungeon, and saw 8 of its levels.
You also visited: Sewer.

You collected 415 gold pieces.

Inventory:

Hand Weapons
 a - a +1 short sword of freezing
 b - a +1 rapier (weapon)
Armour
 g - a +0 pair of gloves (worn)
 o - a +0 helmet (worn)
 w - a +2 robe of resistance (worn)
 D - an orb of guile
Jewellery
 d - a ring of fire
 f - a ring of flight
 i - a +4 ring of slaying (left hand)
 B - a ring of poison resistance (right hand)
 C - a ring of positive energy
Wands
 l - a wand of flame (4)
 v - a wand of mindburst (21)
 A - a wand of charming (11)
Scrolls
 e - a scroll of enchant weapon
 s - 3 scrolls of fog
 u - a scroll of revelation
 z - 4 scrolls of identify
Potions
 c - a potion of ambrosia
 h - 4 potions of mutation
 k - 2 potions of curing
 m - 3 potions of lignification
 p - a potion of attraction {unknown}
 q - 3 potions of magic
 r - a potion of berserk rage {unknown}
 t - a potion of haste {unknown}


   Skills:
 - Level 3.3 Fighting
 - Level 14.0 Short Blades
 + Level 9.8 Dodging
 - Level 4.0 Stealth
 + Level 4.3 Invocations


You had 9 spell levels left.
You didn't know any spells.
Your spell library contained the following spells:

 Spells                   Type           Power      Damage    Failure   Level
 Apportation              Tloc           0%         N/A       32%         1
 Necrotise                Necr           0%         1d4       32%         1
 Summon Small Mammal      Summ           0%         N/A       32%         1
 Call Canine Familiar     Summ           0%         N/A       69%         3
 Summon Guardian Golem    Hex/Summ       0%         N/A       69%         3
 Vampiric Draining        Necr           0%         2d6       69%         3
 Agony                    Necr           0%         N/A       100%        5


Dungeon Overview and Level Annotations

Branches:
Dungeon (8/15) Zot: 26883  Temple (0/1) D:5           Sewer (visited)
   Lair: D:8-11

Altars:
Ashenzari
Hepliaklqana
Kikubaaqudgha
Makhleb
Ru
Uskayaw
Yredelemnul
The Shining One

Annotations:
D:2 exclusion: downstairs
D:3 2 runed translucent doors, Crazy Yiuf


Innate Abilities, Weirdness & Mutations

You are small and have problems with some larger weapons.
You are completely attuned to the shadows.


Message History

The yak is lightly wounded.
The yak gores you.
You puncture the yak!
The yak is heavily wounded.
You hit the yak.
The yak is heavily wounded.
The yak gores you.
You swing at nothing.
You hit the yak.
The yak is severely wounded.
The yak gores you. The yak completely misses you.
You barely miss the yak.
The yak is severely wounded.
You hit the yak.
The yak is severely wounded.
The yak gores you! The yak barely misses you.
You can now pass through a line of other dancers.
The yak gores you but does no damage.
A black bear comes into view.
You puncture the yak!
You kill the yak!
Your Invocations skill increases to level 4!
It was a potion of magic.
Magic courses through your body.
Okay, then.
Okay, then.
As you read the scroll labelled KEICEIPP HAVE, it crumbles to dust.
It is a scroll of enchant armour.
Your +1 robe of resistance glows green for a moment.
The yak misses you.
As you read the scroll labelled SEYCVI ZATHEAL, it crumbles to dust.
Magic quickly surges around you.
It was a scroll of vulnerability.
The yak gores you!
* * * LOW HITPOINT WARNING * * *
The yak completely misses you.
It was a potion of brilliance.
You feel clever all of a sudden. The yak gores you!
* * * LOW HITPOINT WARNING * * *
The black bear bites you.
You die...

.....##
.....#
.....##
......#
......##
.......#
.......#
.......##
....Y@Y##
....h.Y.#
.....YY##
....##..#
....
##.## ..
#.Y##
##..#
#..##
##..#


You could see 5 yaks and a black bear (weak-willed).

Vanquished Creatures
  Pikel (D:5)
  Jeremiah (D:8)
  Prince Ribbit (D:5)
  A yak (D:8)
  Menkaure (D:5)
  Duvessa (D:5)
  A water moccasin (D:7)
  Pargi (Sewer)
  2 ice beasts
  An ogre (D:6)
  A centaur (D:6)
  2 phantoms
  2 lemures (D:5)
  A kobold brigand (D:6)
  Blork the orc (D:4)
  A bullfrog (D:7)
  3 scorpions
  Dowan (D:5)
  6 killer bees (D:7)
  A jelly (D:7)
  5 hounds
  2 sleepcaps (D:6)
  2 orc priests (D:7)
  5 iguanas (D:6)
  2 orc wizards (D:7)
  11 adders
  4 gnolls
  2 shadow imps
  2 white imps
  2 ufetubi
  A dart slug (D:1)
  A worm (D:2)
  5 orcs
  8 ball pythons
  11 endoplasms
  3 giant cockroaches
  2 goblins (D:2)
  6 hobgoblins
  2 jackals (D:1)
  8 quokkas
  4 bats
  5 frilled lizards
  10 kobolds
  5 rats
138 creatures vanquished.

Notes
Turn   | Place    | Note
-------+----------+-------------------------------------------
     0 | D:1      | holysushi the Kobold Monk began the quest for the Orb.
     0 | D:1      | Reached XP level 1. HP: 14/14 MP: 1/1
   521 | D:1      | Reached XP level 2. HP: 19/19 MP: 2/2
   860 | D:1      | Reached XP level 3. HP: 23/23 MP: 3/3
   919 | D:1      | Reached skill level 5 in Short Blades
  1341 | D:2      | Reached XP level 4. HP: 17/28 MP: 4/4
  1762 | D:2      | Reached skill level 6 in Short Blades
  1946 | D:3      | Found a runed translucent door.
  2000 | D:3      | Found a runed translucent door.
  2003 | D:3      | Noticed Crazy Yiuf
  2107 | D:3      | Reached XP level 5. HP: 18/32 MP: 5/5
  2458 | D:3      | Reached skill level 7 in Short Blades
  2646 | D:3      | Found a basalt altar of Yredelemnul.
  2649 | D:3      | Noticed a profane servitor
  2660 | D:3      | Found a glowing golden altar of the Shining One.
  2663 | D:3      | Noticed an angel
  2697 | D:3      | Found a broken altar of Ashenzari.
  2819 | D:4      | Noticed Blork the orc
  2829 | D:4      | Killed Blork the orc
  2830 | D:4      | Reached XP level 6. HP: 37/37 MP: 6/6
  2951 | D:4      | Reached skill level 8 in Short Blades
  3006 | D:4      | Found a sacrificial altar of Ru.
  3007 | D:4      | Found a hazy altar of Hepliaklqana.
  3008 | D:4      | Found a burning altar of Makhleb.
  3274 | D:4      | Noticed a black bear
  3445 | D:5      | Entered Level 5 of the Dungeon
  3448 | D:5      | Reached XP level 7. HP: 41/41 MP: 7/7
  3493 | D:5      | Reached skill level 9 in Short Blades
  3528 | D:5      | Noticed a +0 dagger
  3528 | D:5      | Noticed a +0 falchion
  3528 | D:5      | Noticed a +0 short sword
  3528 | D:5      | Noticed a +0 spear
  3530 | D:5      | Noticed a +0 falchion
  3530 | D:5      | Noticed a +0 spear
  3531 | D:5      | Noticed Duvessa
  3532 | D:5      | Noticed a +0 short sword
  3535 | D:5      | Noticed Dowan
  3536 | D:5      | Killed Duvessa
  3544 | D:5      | Killed Dowan
  3552 | D:5      | Noticed a +0 dagger
  3567 | D:5      | Found a hide-covered altar of Uskayaw.
  3571 | D:5      | Became a worshipper of Uskayaw the Reveller
  3571 | D:5      | Reached * piety under Uskayaw
  3592 | D:5      | Found a staircase to the Ecumenical Temple.
  3689 | D:5      | Found a glowing drain.
  3699 | D:5      | Reached ** piety under Uskayaw
  3707 | Sewer    | Entered a sewer
  3717 | Sewer    | Reached skill level 10 in Short Blades
  3971 | Sewer    | Noticed Pargi
  3985 | Sewer    | Killed Pargi
  3986 | Sewer    | Reached skill level 1 in Invocations
  3986 | Sewer    | Reached XP level 8. HP: 40/46 MP: 7/9
  4251 | D:5      | Found an ancient bone altar of Kikubaaqudgha.
  4373 | D:5      | Noticed Menkaure
  4385 | D:5      | Killed Menkaure
  4385 | D:5      | Reached *** piety under Uskayaw
  4386 | D:5      | Reached skill level 11 in Short Blades
  4796 | D:5      | Noticed Pikel
  4885 | D:5      | Noticed Prince Ribbit
  4891 | D:5      | Killed Prince Ribbit
  4892 | D:5      | Reached skill level 12 in Short Blades
  4928 | D:5      | Killed Pikel
  4929 | D:5      | Reached skill level 14 in Short Blades
  4929 | D:5      | Reached XP level 9. HP: 45/51 MP: 10/10
  5354 | D:6      | Reached skill level 5 in Dodging
  6684 | D:7      | Reached **** piety under Uskayaw
  6698 | D:7      | Reached ***** piety under Uskayaw
  7032 | D:7      | Reached XP level 10. HP: 56/56 MP: 11/11
  7384 | D:8      | Noticed Jeremiah
  7388 | D:8      | Killed Jeremiah
  7500 | D:8      | HP: 2/56 [yak (12)]
  7500 | D:8      | Slain by a black bear

Illustrated notes

Levels and vault maps discovered:
D:1:      co_arrival_random_square_maze, layout_basic
D:2:      layout_basic
D:3:      layout_rooms, grunt_temple_overflow_holy_war, ashenzari_altar_1,
          ebering_ghost_sewer_d, uniq_crazy_yiuf_cottage
D:4:      layout_loops_cross, chequers_temple_overflow_statue_of_worship,
          uniq_blork_the_orc
D:5:      layout_loops_ring, nicolae_uskayaw_en_pointe,
          mainiacjoe_overflow_alcove_4, minmay_temple_entry_overgrown,
          gup_sewer_entry_pipe, minmay_misc_feat_diagonals,
          minmay_splitting_lines, uniq_pikel, uniq_duvessa, uniq_prince_ribbit1,
          uniq_menkaure
D:6:      layout_basic, grunt_tough_drop
D:7:      layout_basic
D:8:      layout_cave_pods, uniq_maggie, uniq_jeremiah, uniq_grum

Skill      XL: |  1  2  3  4  5  6  7  8  9 10 |
---------------+-------------------------------+-----
Dodging        | 4 8 9 |  9.8
Short Blades   | 5 6 7 8 10 14 | 14.0
Stealth        | 2 4 |  4.0
Invocations    | 1 2 4 |  4.3
Fighting       | |  3.3

Action                     |  1- 3 |  4- 6 |  7- 9 | 10-12 || total
---------------------------+-------+-------+-------+-------++-------
  Melee: Short sword       |    97 |   117 |    23 |       ||   237
         Rapier            |       |       |   224 |    23 ||   247
         Punch             |       |       |     5 |     1 ||     6
 Invoke: Stomp             |       |       |     2 |       ||     2
  Evoke: Wand              |       |       |     2 |       ||     2
    Use: Scroll            |     2 |     2 |     9 |     2 ||    15
         Potion            |       |     1 |     2 |     3 ||     6
   Stab: Sleeping          |     6 |    11 |    21 |     3 ||    41
         Distracted        |       |     1 |       |       ||     1
         Paralysed         |       |       |     6 |       ||     6
 Armour: Robe              |    10 |    12 |    19 |     1 ||    42
         Skin              |       |       |     3 |       ||     3
  Dodge: Dodged            |    46 |    61 |   125 |    16 ||   248

Table legend: (Time is in decaauts)
 A = Elapsed time spent in this place.
 B = Non-inter-level travel time spent in this place.
 C = Inter-level travel time spent in this place.
 D = Time resting spent in this place.
 E = Time spent auto-exploring this place.
 F = Levels seen in this place.
 G = Mean time per level.
                   A        B        C        D        E       F      G
               +--------+--------+--------+--------+--------+-----+--------+
         Total |   7319 |   7086 |    233 |    938 |   4792 |   9 |  813.2 |
       Dungeon |   6995 |   6762 |    233 |    909 |   4659 |   8 |  874.4 |
         Sewer |    323 |    323 |      0 |     29 |    133 |   1 |  323.0 |
               +--------+--------+--------+--------+--------+-----+--------+

Top non-repeatable levels by time:
     D:6: 1321 daAuts
     D:5: 1181 daAuts
     D:2: 966 daAuts
     D:1: 916 daAuts
     D:3: 888 daAuts
     D:7: 824 daAuts
     D:4: 781 daAuts
   Sewer: 323 daAuts
     D:8: 115 daAuts
